AoeStats
← Larkinstreet

Lombardia

509527012Analyzed
2v2 RM · 6d ago on Sep 27, 2026· 18m 50s· 4 players
Game mode
Random Map
Map size
Medium (4 player)
Population
200
Speed
Normal
Resources
Standard
Victory
Conquest
Starting age
Dark Age
Ending age
Imperial Age
RankedLock teamsTeams togetherTeam positionsShared explorationLock speedFull tech treeHidden civsTurbo modeCheats
Victory
Defeat
🇦🇺 Saxons · Australia
1060
+14
🇺🇸 Lithuanians · United States
1017
+15
🇦🇺 Wu · Australia
1031
-16
🇫🇷 Vietnamese · France
977
-13
toesucker69
0:27 Loom
9:36 Feudal Age
10:08 Double-Bit Axe
10:18 Man-at-Arms
14:18 Fletching
19:02 Wheelbarrow
Larkinstreet
3:00 Loom
9:44 Feudal Age
10:11 Double-Bit Axe
17:20 Forging
18:01 Gold Mining
VoRia
5:10 Loom
10:18 Feudal Age
Le Vinny
7:14 Loom
10:13 Feudal Age
10:48 Double-Bit Axe
12:07 Horse Collar
Connection lost

Rejoining the realm…

Still unreachable

The connection could not be restored.

Session expired

The server has moved on; the page needs a fresh start.